 Seeded DCSS version 0.30.1-11-g7821555f0a (webtiles) character file.

Game seed: 5 (custom seed)

2760 Kazon the Skirmisher (level 9, -7/54 HPs)
             Began as a Gargoyle Fighter on Dec 14, 2023.
             Was a Priest of Makhleb.
             Mangled by a two-headed ogre
             ... wielding a +0 giant spiked club
              (16 damage)
             ... on level 7 of the Dungeon.
             The game lasted 00:27:58 (4144 turns).

Kazon the Skirmisher (Gargoyle Fighter)             Turns: 4144, Time: 00:27:58

Health: -7/54      AC: 15    Str: 23    XL:     9   Next: 69%
Magic:  0/7        EV: 10    Int:  8    God:    Makhleb [***...]
Gold:   311        SH:  0    Dex: 19    Spells: 8/8 levels left

rFire   . . .        e - +9 longbow "Ceifraem" {antimagic, Fragile rC+ rN+ Str+2}
rCold   + . .        (shield currently unavailable)
rNeg    + + .        b - +0 scale mail
rPois   ∞            r - +0 helmet
rElec   +            (no cloak)
rCorr   .            (no gloves)
SInv    .            (no boots)
Will    .....        D - amulet of guardian spirit Stlth
                     u - ring of magical power
HPRegen 0.29/turn    x - +6 ring of dexterity
MPRegen 0.10/turn

%: guardian spirit
@: no status effects
A: sickness immunity, AC +6, negative energy resistance 1, electricity
resistance, torment resistance 1, petrification resistance
a: Renounce Religion, Minor Destruction, Lesser Servant of Makhleb


You were on level 7 of the Dungeon.
You worshipped Makhleb.
Makhleb was most pleased with you.
You visited 2 branches of the dungeon, and saw 8 of its levels.
You also visited: Ossuary.

You collected 311 gold pieces.

Inventory:

Hand Weapons
 a - a +0 war axe
 e - the +9 longbow "Ceifraem" (weapon) {antimagic, Fragile rC+ rN+ Str+2}
   (You acquired it on level 1 of the Dungeon)

   Str:       It affects your strength (+2).
   rC:        It protects you from cold.
   rN:        It protects you from negative energy.
   Fragile:   It will be destroyed if unequipped.
 f - a +0 hand axe of flaming
 v - a +0 vampiric hand axe
 G - the +2 sling "Qeuhanocyt" {speed, rElec Str-3 Dex+2}
   (You found it on level 3 of the Dungeon)

   Str:       It affects your strength (-3).
   Dex:       It affects your dexterity (+2).
   rElec:     It insulates you from electricity.
Missiles
 h - 54 stones
 k - 5 boomerangs
 q - 11 poisoned darts
Armour
 b - a +0 scale mail (worn)
 c - a +0 tower shield
 r - a +0 helmet (worn)
Jewellery
 u - a ring of magical power (left hand)
 x - a +6 ring of dexterity (right hand)
 D - an amulet of guardian spirit (around neck)
Wands
 z - a wand of paralysis (8)
Scrolls
 l - a scroll of blinking {unknown}
 o - 4 scrolls of identify {unknown}
 p - 2 scrolls of magic mapping {unknown}
 s - 2 scrolls of summoning {unknown}
 t - 2 scrolls of teleportation {unknown}
 y - a scroll of amnesia {unknown}
 A - a scroll of fog {unknown}
 B - a scroll of torment {unknown}
 F - a scroll of poison {unknown}
 H - a scroll of enchant armour {unknown}
 I - 2 scrolls of fear {unknown}
 L - a scroll of enchant weapon {unknown}
Potions
 d - a potion of might
 g - a potion of resistance {unknown}
 i - 2 potions of invisibility {unknown}
 j - 5 potions of curing {unknown}
 m - 5 potions of flight {unknown}
 n - 2 potions of berserk rage {unknown}
 w - 4 potions of heal wounds {unknown}
 C - a potion of lignification {unknown}
 E - 4 potions of attraction {unknown}
 J - a potion of haste {unknown}
 K - 2 potions of brilliance {unknown}


   Skills:
 + Level 5.4 Fighting
 + Level 1.9 Axes
 + Level 8.4 Ranged Weapons
 + Level 3.1 Throwing
 + Level 5.4 Armour
 + Level 0.8 Dodging
 + Level 0.5 Stealth
 + Level 3.6 Shields
 * Level 5.2 Invocations
 * Level 3.8 Evocations


You had 8 spell levels left.
You didn't know any spells.
Your spell library contained the following spells:

 Spells                   Type           Power      Damage    Failure   Level
 Frozen Ramparts          Ice            0%         1d1       97%         3
 Ignite Poison            Fire/Tmut/Pois 0%         N/A       97%         3
 Ice Form                 Ice/Tmut       0%         N/A       100%        4
 Sticky Flame             Conj/Fire      0%         2d3       100%        4
 Summon Ice Beast         Ice/Summ       0%         N/A       100%        4
 Summon Forest            Summ/Tloc      0%         N/A       100%        5
 Eringya's Noxious Bog    Tmut/Pois      0%         N/A       100%        6
 Summon Hydra             Summ           0%         N/A       100%        7
 Ignition                 Fire           0%         3d3       100%        8


Dungeon Overview and Level Annotations

Branches:
Dungeon (7/15)             Temple (1/1) D:4         Ossuary (visited)

Altars:
Dithmenos
Fedhas
Gozag
Hepliaklqana
Makhleb
Qazlal
Wu Jian
Xom
The Shining One


Innate Abilities, Weirdness & Mutations

You are immune to sickness and miasma.
Your stone body is resilient. (AC +6)
You are immune to poison.
You resist negative energy. (rN+)
You are resistant to electric shocks. (rElec)
You are resistant to unholy torment.
You are immune to petrification.


Message History

You shoot an arrow. The arrow hits the two-headed ogre!!
The two-headed ogre is moderately wounded.
Fire: e) +9 longbow "Ceifraem" {antimagic, Fragile rC+ rN+ Str+2}
Press: ? - help, Q - select action, (/) - cycle Shift-Dir - straight line, f/p - two-headed ogre
Aim: a two-headed ogre, wielding a +0 giant spiked club and a +0 giant club (moderately wounded, 82% to hit)
You shoot an arrow.
The arrow barely misses the two-headed ogre.
Fire: e) +9 longbow "Ceifraem" {antimagic, Fragile rC+ rN+ Str+2}
Press: ? - help, Q - select action, (/) - cycle Shift-Dir - straight line, f/p - two-headed ogre
Aim: a two-headed ogre, wielding a +0 giant spiked club and a +0 giant club (moderately wounded, 82% to hit)
You shoot an arrow.
The arrow barely misses the two-headed ogre.
The two-headed ogre closely misses you. x2
You shoot an arrow.
The arrow completely misses the two-headed ogre.
The two-headed ogre barely misses you.
The two-headed ogre hits you with a +0 giant club!!
You shoot an arrow.
The arrow barely misses the two-headed ogre.
The two-headed ogre hits you with a +0 giant spiked club.
The two-headed ogre hits you with a +0 giant club.
You shoot an arrow. The arrow hits the two-headed ogre.
The two-headed ogre is heavily wounded.
The two-headed ogre hits you with a +0 giant spiked club.
The two-headed ogre hits you with a +0 giant club.
You shoot an arrow. The arrow hits the two-headed ogre!
The two-headed ogre is severely wounded.
The two-headed ogre misses you.
The two-headed ogre hits you but does no damage.
You shoot an arrow. The arrow hits the two-headed ogre!
The two-headed ogre is almost dead.
You shoot an arrow. The arrow hits the two-headed ogre.
The two-headed ogre is almost dead.
The two-headed ogre hits you with a +0 giant spiked club!
* * * LOW HITPOINT WARNING * * *
The two-headed ogre misses you.
You shoot an arrow.
The arrow barely misses the two-headed ogre.
The two-headed ogre hits you with a +0 giant spiked club!
You die...

###### #..@.# #.##O#
#.# .# #.# .# #.# .#
#.# .# #####.# .#
#####.....##.##
######...............


You could see a two-headed ogre.

Vanquished Creatures
  Sigmund (D:4)
  Duvessa (D:6)
  A water moccasin (D:6)
  2 black bears (D:4)
  2 centaurs
  An ogre (D:5)
  An elf zombie (Ossuary)
  A kobold brigand (D:7)
  3 scorpions
  5 wights (D:7)
  4 killer bees (D:7)
  Dowan (D:6)
  A howler monkey (D:6)
  A vampire bat (D:7)
  5 hounds
  A centaur zombie (Ossuary)
  3 orc priests (D:6)
  3 human zombies (Ossuary)
  A jelly (D:5)
  6 iguanas
  4 orc wizards (D:6)
  4 ogre zombies (Ossuary)
  7 mummies (Ossuary)
  4 gnolls (D:5)
  9 adders
  A white imp (D:7)
  2 ufetubi
  A worm zombie (D:7)
  2 adder zombies (Ossuary)
  3 worms
  14 orcs
  12 bats
  9 endoplasms
  A giant cockroach (D:1)
  12 goblins
  7 hobgoblins
  11 jackals
  10 kobolds
  3 quokkas (D:4)
  6 ball pythons
  3 frilled lizards
  4 goblin zombies (Ossuary)
  6 hobgoblin zombies
  3 kobold zombies
  4 quokka zombies (Ossuary)
  4 rats
  4 rat zombies (Ossuary)
194 creatures vanquished.

Notes
Turn   | Place    | Note
-------+----------+-------------------------------------------
     0 | D:1      | Kazon the Gargoyle Fighter began the quest for the Orb.
     0 | D:1      | Reached XP level 1. HP: 14/14 MP: 1/1
    49 | D:1      | Identified a scroll of acquirement
    49 | D:1      | Acquired the +9 longbow "Ceifraem" {antimagic, Fragile rC+
                  | rN+ Str+2}
    62 | D:1      | Reached XP level 2. HP: 19/19 MP: 0/2
   289 | D:1      | Reached XP level 3. HP: 23/23 MP: 1/3
   434 | D:1      | Reached skill level 1 in Ranged Weapons
   905 | D:2      | Reached skill level 2 in Ranged Weapons
   905 | D:2      | Reached XP level 4. HP: 28/28 MP: 1/4
  1575 | D:3      | Found a stormy altar of Qazlal.
  1708 | D:3      | Found a blossoming altar of Fedhas.
  1714 | D:3      | Reached XP level 5. HP: 32/32 MP: 2/5
  1876 | D:3      | Found a faded altar of an unknown god.
  1899 | D:3      | Identified the +2 sling "Qeuhanocyt" {speed, rElec Str-3
                  | Dex+2}
  1948 | D:4      | Found a staircase to the Ecumenical Temple.
  1959 | Temple   | Entered the Ecumenical Temple
  1981 | Temple   | Became a worshipper of Makhleb the Destroyer
  2064 | D:4      | Noticed a black bear
  2065 | D:4      | Reached skill level 3 in Ranged Weapons
  2073 | D:4      | Killed a black bear
  2074 | D:4      | Reached skill level 1 in Throwing
  2074 | D:4      | Reached skill level 1 in Invocations
  2079 | D:4      | Found a hazy altar of Hepliaklqana.
  2080 | D:4      | Found a shadowy altar of Dithmenos.
  2080 | D:4      | Noticed a shadow
  2107 | D:4      | Reached XP level 6. HP: 36/38 MP: 5/6
  2145 | D:4      | Noticed a black bear
  2148 | D:4      | Killed a black bear
  2149 | D:4      | Reached skill level 4 in Ranged Weapons
  2453 | D:4      | Reached skill level 1 in Evocations
  2502 | D:4      | Noticed Sigmund
  2507 | D:4      | Killed Sigmund
  2508 | D:4      | Reached XP level 7. HP: 39/43 MP: 5/8
  2721 | D:5      | Entered Level 5 of the Dungeon
  2842 | D:5      | Reached skill level 5 in Ranged Weapons
  2848 | D:5      | Reached XP level 8. HP: 48/48 MP: 5/10
  3023 | D:5      | Reached * piety under Makhleb
  3091 | D:6      | Noticed Dowan
  3092 | D:6      | Noticed Duvessa
  3093 | D:6      | Killed Dowan
  3102 | D:6      | Killed Duvessa
  3205 | D:6      | Reached skill level 6 in Ranged Weapons
  3224 | D:6      | Found a shimmering altar of Xom.
  3395 | D:6      | Reached skill level 5 in Armour
  3473 | D:6      | Reached skill level 7 in Ranged Weapons
  3511 | D:7      | Reached XP level 9. HP: 53/53 MP: 7/12
  3545 | D:7      | Found a sand-covered staircase.
  3549 | D:7      | Reached ** piety under Makhleb
  3566 | Ossuary  | Entered an ossuary
  3667 | Ossuary  | Reached skill level 5 in Fighting
  3738 | Ossuary  | Reached skill level 5 in Invocations
  3777 | Ossuary  | Reached skill level 8 in Ranged Weapons
  3913 | Ossuary  | Reached *** piety under Makhleb
  4134 | D:7      | Noticed a two-headed ogre
  4144 | D:7      | Mangled by a two-headed ogre

Illustrated notes

Levels and vault maps discovered:
D:1:      ebering_trefoil_3fold, layout_basic, st_stairs_14, serial_bayou_ford_a
D:2:      layout_basic, hangedman_decor_growths, minmay_close_crescents
D:3:      layout_rooms, mainiacjoe_overflow_concentric_impassable,
          mainiacjoe_overflow_paths, shapermc_ecumenical_altar_acropolis,
          chequers_serial_rivers_micro_b
D:4:      layout_basic, riverfiend_overflow_shadow_ancestor,
          minmay_temple_entry_glass, uniq_sigmund
D:5:      layout_gridville
D:6:      layout_basic, xom_teletrap_fun, uniq_duvessa
D:7:      layout_loops_ring, enter_ossuary_3, roderic_batcave
Temple:   nicolae_temple_elliptical

Skill      XL: |  1  2  3  4  5  6  7  8  9 |
---------------+----------------------------+-----
Ranged Weapons | 2 3 4 5 7 8 |  8.4
Armour         | 4 5 |  5.4
Throwing       | 1 2 3 |  3.1
Invocations    | 1 2 4 5 |  5.2
Fighting       | 4 5 |  5.4
Evocations     | 1 3 |  3.8
Axes           | |  1.9
Dodging        | |  0.8
Stealth        | |  0.5
Shields        | |  3.6

Action                     |  1- 3 |  4- 6 |  7- 9 || total
---------------------------+-------+-------+-------++-------
  Melee: War axe           |    19 |       |       ||    19
   Fire: Longbow           |    66 |    81 |   275 ||   422
    Use: Scroll            |     2 |       |       ||     2
         Potion            |     1 |       |       ||     1
 Armour: Scale mail        |    59 |    14 |    91 ||   164
  Dodge: Dodged            |    50 |    19 |    96 ||   165
  Block: Buckler           |     6 |       |       ||     6
